Map: Blackburn LE

Players

Probe - Winner!

  • Race: Protoss Protoss

Seither

  • Race: Terran Terran
  • League: Grandmaster

Event: DreamHack SC2 Masters 2021 Summer

VOD

Have the link to the VOD?

Description

Time

  • Played on: May 20, 2021, 4:31 a.m.
  • Length: 13:05

All games in this series

Show
View Real Time Build Order
Export as new Build Order

Probe Protoss - Winner!

Build Orders: Blink Stalkers, Zealot Archon 

Get SALT Encoding   

  12  0:00  Probe  
  13  0:12  Probe  
  14  0:16  Pylon  
  14  0:25  Probe (Chrono Boost)  
  15  0:36  Gateway  
  15  0:37  Probe (Chrono Boost)  
  16  0:43  Probe (Chrono Boost)  
  16  0:45  Assimilator  
  17  0:51  Probe  
  18  1:03  Probe  
  19  1:15  Probe  
  20  1:24  Cybernetics Core  
  20  1:26  Zealot, Assimilator  
  20  1:28  Pylon  
  20  1:29  Probe  
  23  1:46  Probe  
  24  1:58  Probe, Stalker (Chrono Boost)  
  27  2:02  Warp Gate  
  27  2:10  Probe  
  27  2:12  Pylon  
  28  2:18  Stalker (Chrono Boost)  
  28  2:22  Probe  
  31  2:34  Probe  
  32  2:39  Nexus  
  32  2:50  Twilight Council  
  32  2:52  Probe  
  33  2:59  Stalker  
  35  3:09  Probe  
  34  3:21  Probe  
  34  3:22  Blink (Chrono Boost)  
  35  3:31  Robotics Facility  
  35  3:33  Probe  
  36  3:43  Gateway  
  36  3:45  Probe  
  36  3:46  Gateway  
  37  3:57  Probe x2  
  39  4:09  Probe x2  
  39  4:16  Stalker  
  41  4:19  Observer (Chrono Boost)  
  41  4:21  Probe x2  
  44  4:25  Nexus  
  44  4:33  Probe, Observer (Chrono Boost)  
  44  4:34  Probe  
  47  4:39  Shield Battery  
  47  4:45  Probe  
  48  4:46  Probe  
  48  4:51  Pylon  
  48  4:52  Assimilator  
  49  4:54  Observer  
  49  4:55  Forge  
  49  4:56  Pylon  
  49  4:58  Stalker  
  52  5:00  Probe  
  52  5:02  Probe  
  54  5:12  Probe  
  54  5:13  Protoss Ground Armor Level 1 (Chrono Boost)  
  55  5:14  Probe  
  56  5:24  Probe  
  56  5:26  Probe  
  56  5:28  Gateway  
  58  5:29  Gateway  
  58  5:32  Gateway  
  58  5:36  Probe, Pylon  
  58  5:37  Charge  
  58  5:39  Probe  
  58  5:40  Probe  
  58  5:41  Sentry x2  
  64  5:45  Stalker  
  66  5:51  Probe (Chrono Boost)  
  66  5:54  Probe x2 (Chrono Boost)  
  69  6:03  Probe (Chrono Boost)  
  70  6:06  Gateway x2  
  70  6:09  Probe x2 (Chrono Boost)  
  70  6:10  Probe (Chrono Boost)  
  73  6:13  Pylon  
  73  6:14  Zealot  
  73  6:15  Zealot  
  73  6:16  Probe  
  78  6:19  Warp Prism (Chrono Boost)  
  78  6:24  Zealot x2  
  84  6:28  Pylon  
  84  6:33  Photon Cannon  
  84  6:35  Zealot  
  84  6:36  Zealot  
  88  6:42  Pylon x2  
  88  6:47  Shield Battery  
  88  6:48  Immortal (Chrono Boost)  
  88  6:50  Shield Battery  
  92  6:56  Zealot x3  
  98  7:02  Templar Archives  
  98  7:03  Zealot  
  100  7:11  Zealot x4  
  108  7:16  Protoss Ground Armor Level 2 (Chrono Boost)  
  108  7:17  Pylon  
  108  7:23  Immortal  
  110  7:38  High Templar x2, Zealot  
  110  7:39  Zealot x5  
  126  7:46  Archon  
  118  7:59  Psionic Storm, Zealot x4  
  118  8:00  Zealot x2  
  110  8:17  Probe  
  101  8:21  Stalker x3  
  101  8:22  Stalker  
  101  8:24  Probe x2  
  101  8:25  Nexus  
  111  8:27  Assimilator x2  
  111  8:29  Probe  
  112  8:35  Zealot x3  
  112  8:36  Probe  
  119  8:41  Immortal  
  119  8:43  Probe  
  124  8:50  Pylon  
  124  8:52  Pylon  
  124  8:55  High Templar  
  124  8:58  Zealot x3  
  124  9:01  Pylon  
  130  9:10  High Templar  
  130  9:14  High Templar  
  134  9:28  Zealot x6  
  142  9:38  Forge  
  142  9:42  Gateway  
  142  9:43  Robotics Bay  
  142  9:45  Gateway  
  140  9:48  Protoss Ground Armor Level 3 (Chrono Boost)  
  140  9:52  Zealot  
  142  9:53  Zealot x7  
  148  10:13  Zealot  
  148  10:14  Zealot x6  
  123  10:26  Colossus (Chrono Boost)  
  111  10:29  Archon  
  111  10:34  Probe x3, Stalker x3  
  122  10:40  High Templar x3  
  118  10:43  Zealot  
  108  10:52  Zealot  
  108  10:54  Probe x2 (Chrono Boost)  
  108  10:55  Probe (Chrono Boost)  
  114  11:01  Probe (Chrono Boost)  
  114  11:03  Colossus (Chrono Boost)  
  117  11:04  Protoss Ground Weapons Level 1 (Chrono Boost)  
  117  11:05  Probe x3 (Chrono Boost), Zealot  
  117  11:06  Zealot x3, Robotics Facility  
  117  11:09  Probe x2 (Chrono Boost)  
  127  11:15  Zealot  
  135  11:18  Zealot  
  135  11:19  Zealot  
  135  11:22  Probe x2  
  135  11:25  Assimilator  
  141  11:28  High Templar  
  141  11:31  High Templar  
  145  11:34  Shield Battery  
  145  11:43  Pylon  
  145  11:46  Nexus  
  137  11:53  Colossus (Chrono Boost)  
  141  11:57  Disruptor (Chrono Boost), Assimilator  
  141  11:58  Zealot x4  
  141  11:59  Zealot x2  
  146  12:23  Zealot x8  
  137  12:32  Zealot  
  137  12:33  Zealot  
  137  12:37  Probe  
Show
View Real Time Build Order
Export as new Build Order

Seither Terran 

Build Orders:  

Get SALT Encoding   

  12  0:00  SCV  
  13  0:12  SCV  
  14  0:17  Supply Depot  
  14  0:24  SCV  
  15  0:38  SCV  
  15  0:41  Barracks  
  16  0:46  Refinery  
  16  0:50  SCV  
  17  1:03  SCV  
  18  1:09  Engineering Bay  
  18  1:15  SCV  
  19  1:28  Orbital Command  
  19  1:29  Marine  
  20  1:51  Barracks Reactor  
  20  2:00  SCV  
  21  2:03  Command Center  
  21  2:10  Supply Depot  
  21  2:12  SCV  
  22  2:21  Factory  
  22  2:27  Marine  
  23  2:31  Marine  
  23  2:32  SCV  
  23  2:35  Refinery  
  26  2:44  SCV  
  26  2:45  Marine, Supply Depot  
  26  2:49  Marine  
  28  2:56  SCV  
  28  3:06  Factory Tech Lab  
  28  3:08  SCV  
  28  3:12  Marine  
  28  3:13  Marine  
  28  3:20  SCV  
  28  3:23  Starport  
  27  3:29  Siege Tank  
  27  3:32  SCV  
  30  3:35  Marine x2  
  33  3:45  SCV  
  33  3:47  Orbital Command  
  33  3:55  Marine x2  
  35  4:05  Medivac  
  37  4:13  SCV x2  
  38  4:17  Marine x2  
  40  4:30  SCV x2  
  42  4:37  Barracks  
  42  4:39  Barracks  
  42  4:44  Marine x2  
  44  4:46  SCV x2  
  44  4:50  Raven, Supply Depot  
  48  4:57  Engineering Bay  
  48  5:01  SCV  
  48  5:02  SCV  
  48  5:04  Marine x2  
  47  5:14  SCV x2  
  47  5:20  Factory Tech Lab  
  49  5:24  Bunker  
  49  5:25  Marine x2  
  49  5:27  SCV x2  
  49  5:28  Terran Infantry Weapons Level 1  
  53  5:39  SCV  
  53  5:40  SCV  
  55  5:44  Siege Tank  
  55  5:46  Marine x2  
  61  5:51  Refinery, Stimpack  
  61  5:54  Supply Depot  
  61  5:55  SCV  
  61  5:57  Starport Reactor  
  62  5:58  SCV, Barracks Tech Lab  
  62  6:06  Supply Depot  
  62  6:16  SCV x2, Marauder, Marine x2  
  68  6:19  Marauder  
  68  6:22  Refinery  
  68  6:25  Supply Depot  
  70  6:26  Supply Depot  
  70  6:27  Siege Tank  
  70  6:28  SCV x2  
  70  6:32  Combat Shield  
  75  6:33  Marine x2  
  77  6:42  SCV  
  77  6:46  SCV, Medivac  
  77  6:47  Marauder x2  
  83  6:51  Supply Depot  
  83  6:53  Marine x2  
  87  6:55  Medivac  
  87  6:57  Supply Depot  
  87  6:58  SCV  
  90  7:04  Siege Tank  
  93  7:11  Marine  
  93  7:12  Marine  
  93  7:13  Marauder x2, Supply Depot  
  99  7:28  Marine  
  100  7:30  Marine  
  100  7:31  Command Center  
  100  7:34  Marauder x2  
  102  7:40  Siege Tank  
  105  7:46  Marine  
  105  7:48  Marine  
  100  7:55  Marauder x2  
  102  8:00  Medivac x2  
  98  8:17  Marauder x2  
  98  8:19  Marine  
  92  8:20  Siege Tank  
  92  8:22  SCV x2  
  98  8:28  Terran Infantry Armor Level 1  
  98  8:36  Liberator  
  98  8:38  Marauder x2  
  98  8:39  SCV x2  
  98  8:40  Barracks  
  98  8:41  Barracks  
  107  8:42  Orbital Command, Marine x2  
  107  8:48  Concussive Shells  
  109  8:51  SCV x2  
  111  8:59  Ghost Academy  
  111  9:01  Factory Reactor  
  111  9:02  Missile Turret x2  
  111  9:03  Marine x2  
  111  9:04  Marauder x2  
  111  9:05  Orbital Command  
  117  9:13  SCV x2  
  119  9:21  Marine x2  
  120  9:26  Marauder x2  
  123  9:33  SCV x2  
  123  9:34  Barracks Reactor  
  123  9:35  Barracks Tech Lab  
  123  9:38  SCV  
  126  9:41  Supply Depot  
  126  9:45  SCV  
  127  9:46  Ghost x2  
  127  9:47  Marine  
  127  9:48  Marine  
  133  9:55  Supply Depot  
  133  9:56  Supply Depot  
  133  10:03  Widow Mine x2, SCV x2  
  115  10:15  Marine x2  
  115  10:16  Marauder x3, Marine x2  
  110  10:33  Marine  
  102  10:36  Marine  
  102  10:37  Marauder x2  
  102  10:42  Orbital Command  
  96  10:51  Medivac x2  
  100  10:59  Marine  
  100  11:00  Marine x2  
  103  11:09  Ghost  
  105  11:15  Ghost  
  105  11:16  Ghost  
  109  11:25  Marine x2  
  109  11:26  Marine x2  
  113  11:43  Ghost x2  
  113  11:44  Marine x3  
  113  11:45  Ghost  
  122  11:58  Marine  
  123  12:02  Marine x2  
  123  12:11  Marine  
  123  12:13  Marauder x2  
  123  12:14  Marauder  
  129  12:16  Marine  
  129  12:22  Marine x2  
  124  12:29  Marine  
  108  12:34  Marauder x2, Marine  
  108  12:36  Marauder  
  85  12:40  Marine x2  
Tags
 
Add a new tag
Caveats
  • Supply blocks, unpowered buildings, or Contaminate may cause inaccurate times.
  • Supply counts are checked every 10 seconds.